 Dungeon Crawl Stone Soup version 0.21.1-1-g345015fe64 (webtiles) character file.

658 InEffect the Skirmisher (level 7, -1/46 HPs)
             Began as a Gargoyle Fighter on Mar 25, 2018.
             Slain by a yak (8 damage)
             ... on level 4 of the Dungeon.
             The game lasted 00:18:27 (4845 turns).

InEffect the Skirmisher (Gargoyle Fighter)          Turns: 4845, Time: 00:18:27

Health: -1/46      AC: 13    Str: 19    XL:     7   Next: 55%
Magic:  7/7        EV:  8    Int:  9    God:
Gold:   182        SH: 10    Dex: 11    Spells: 6/6 levels left

rFire    . . .     SeeInvis .   a - +0 rapier
rCold    . . .     Gourm    .   c - +1 shield
rNeg     + . .     Faith    .   b - +0 scale mail
rPois    ∞         Spirit   .   (no helmet)
rElec    +         Reflect  .   w - +0 cloak
rCorr    .         Harm     .   (no gloves)
MR       .....                  (no boots)
Stlth    ..........             (no amulet)
HPRegen  0.15/turn              (no ring)
MPRegen  0.10/turn              (no ring)

@: no status effects
A: negative energy resistance 1, electricity resistance, unbreathing,
petrification resistance, rot immunity, AC +4
a: no special abilities


You were on level 4 of the Dungeon.
You were hungry.

You visited 1 branch of the dungeon, and saw 5 of its levels.
You also visited: Sewer.

You collected 182 gold pieces.

Inventory:

Hand Weapons
 a - a +0 rapier (weapon)
Armour
 b - a +0 scale mail (worn)
 c - a +1 shield (worn)
 w - a +0 cloak (worn)
Scrolls
 g - 2 scrolls of enchant armour
 h - a scroll of noise {unknown}
 k - 2 scrolls of identify
 n - a scroll of magic mapping {unknown}
 p - a scroll of amnesia {unknown}
 q - a scroll of fog {unknown}
 r - 2 scrolls of remove curse
 s - 3 scrolls of teleportation {unknown}
Potions
 d - 4 potions of might
 e - a potion of agility {unknown}
 i - 2 potions of haste
 j - 2 potions of resistance {unknown}
 l - 2 potions of curing {unknown}
 m - 4 potions of flight
 o - 5 potions of heal wounds
 t - a potion of degeneration {unknown}
 u - a potion of invisibility {unknown}
 v - a potion of brilliance {unknown}
Comestibles
 f - 2 rations


   Skills:
 * Level 6.1 Fighting
 + Level 3.3 Short Blades
 + Level 4.8 Armour
 + Level 2.4 Dodging
 + Level 4.7 Shields


You had 6 spell levels left.
You didn't know any spells.

Dungeon Overview and Level Annotations

Branches:
Dungeon (5/15)             Temple (0/1) D:4

Altars:
Wu Jian
Xom


Innate Abilities, Weirdness & Mutations

You are resistant to torment.
Your stone body is resilient. (AC +4)
You are immune to poison.
You resist negative energy. (rN+)
You are resistant to electric shocks. (rElec)
You can survive without breathing.
You are immune to petrification.
You are immune to rotting.


Message History

You hit the yak but do no damage.
The yak is lightly wounded.
The yak gores you but does no damage.
You puncture the yak!
The yak is moderately wounded.
You block the yak's attack.
You hit the yak.
The yak is moderately wounded.
You block the yak's attack.
You hit the yak.
The yak is moderately wounded.
You block the yak's attack.
You hit the yak.
The yak is heavily wounded.
You block the yak's attack. The yak gores you.
* * * LOW HITPOINT WARNING * * *
You hit the yak.
The yak is heavily wounded.
The yak gores you!
You die...

#..# ##.#####
#>.# #.# #
#..# #.# #
#..# #.# #
#..# #.# #
#..# #.# #
###..# #.# #
#....#######
#.# #
#......Y@..#
#.# #
#....#####.#
#.# #.####
#.# #.#####
#.# #.#
#...... #.#
#.# #.#####
#.########.##
#.#
#.##..(.....#
###
#.#.Y..####.#
#..###.## #.#
♣♣♣


You could see a yak.

Vanquished Creatures
  Edmund (D:4)
  A phantom (D:3)
  An ogre (D:4)
  A big kobold (Sewer)
  A hound (D:4)
  A centaur skeleton (D:2)
  An orc priest (D:3)
  Crazy Yiuf (D:4)
  A gnoll (D:5)
  4 river rats
  3 adders
  2 oozes
  2 worms
  3 dart slugs
  4 leopard geckos
  5 orcs
  4 giant cockroaches
  6 goblins
  4 hobgoblins
  6 jackals
  18 kobolds
  2 ball pythons (D:3)
  6 bats
  4 frilled lizards
  A leopard gecko skeleton (D:4)
  12 rats
95 creatures vanquished.

Notes
Turn   | Place    | Note
-------+----------+-------------------------------------------
     0 | D:1      | InEffect the Gargoyle Fighter began the quest for the Orb.
     0 | D:1      | Reached XP level 1. HP: 14/14 MP: 1/1
   311 | D:1      | Reached XP level 2. HP: 14/19 MP: 2/2
  1013 | D:2      | Reached XP level 3. HP: 24/24 MP: 3/3
  1354 | D:2      | Reached skill level 4 in Fighting
  1354 | D:2      | Reached skill level 1 in Dodging
  1367 | D:2      | Reached XP level 4. HP: 17/29 MP: 4/4
  1457 | D:2      | Found a shimmering altar of Xom.
  1923 | D:3      | Reached XP level 5. HP: 34/34 MP: 5/5
  1926 | D:3      | Found a glowing drain.
  1966 | Sewer    | Entered a sewer
  2331 | Sewer    | Noticed a big kobold
  2375 | Sewer    | Killed a big kobold
  2459 | Sewer    | Found a white marble altar of Elyvilon.
  2522 | D:3      | Reached XP level 6. HP: 40/40 MP: 6/6
  2605 | D:3      | Noticed a phantom
  2612 | D:3      | Reached skill level 5 in Fighting
  2675 | D:3      | Killed a phantom
  3783 | D:4      | Noticed Edmund
  3846 | D:4      | Killed Edmund
  3846 | D:4      | Reached XP level 7. HP: 33/45 MP: 7/7
  4284 | D:4      | Found an ornate altar of the Wu Jian Council.
  4304 | D:4      | Reached skill level 6 in Fighting
  4310 | D:4      | Found a staircase to the Ecumenical Temple.
  4348 | D:4      | Found a runed door.
  4549 | D:4      | Noticed Crazy Yiuf
  4553 | D:4      | Killed Crazy Yiuf
  4674 | D:5      | Entered Level 5 of the Dungeon
  4703 | D:5      | Noticed a yak
  4709 | D:5      | Noticed a yak
  4712 | D:5      | Noticed a yak
  4712 | D:5      | Noticed a yak
  4714 | D:5      | Noticed a yak
  4715 | D:5      | Noticed a yak
  4845 | D:4      | Slain by a yak

Skill      XL: |  1  2  3  4  5  6  7 |
---------------+----------------------+-----
Short Blades   | 2 3 |  3.3
Fighting       | 4 5 6 |  6.1
Dodging        | 1 2 |  2.4
Armour         | 4 |  4.8
Shields        | 4 |  4.7

Action                   |  1- 3 |  4- 6 |  7- 9 || total
-------------------------+-------+-------+-------++-------
Melee: Rapier            |   150 |   326 |    74 ||   550
  Use: Scroll            |     2 |     5 |       ||     7
  Eat: Chunk             |     1 |     9 |     3 ||    13
Armor: Scale mail        |   116 |   152 |    34 ||   302
Dodge: Dodged            |    66 |    98 |    25 ||   189
Block: Shield            |   100 |   151 |    59 ||   310
